 Dungeon Crawl Stone Soup version 0.31-a0-200-gbc41564c69 (webtiles) character file.

Game seed: 18426960008386516327

564 qw the Skirmisher (level 7, 0/40 HPs)
             Began as a Deep Elf Hunter on June 25, 2023.
             Slain by a gnoll
             ... wielding a +0 spear
             ... led by a gnoll bouda
              (3 damage)
             ... on level 4 of the Dungeon.
             The game lasted 00:01:28 (3364 turns).

qw the Skirmisher (Deep Elf Hunter)                 Turns: 3364, Time: 00:01:28

Health: 0/40       AC: 12    Str: 10    XL:     7   Next: 10%
Magic:  9/9        EV: 11    Int: 14    God:
Gold:   254        SH:  0    Dex: 18    Spells: 6/6 levels left

rFire   . . .        Y - +1 shortbow
rCold   + . .        (shield currently unavailable)
rNeg    . . .        e - +2 ring mail {rC+}
rPois   .            g - +0 helmet
rElec   .            (no cloak)
rCorr   .            (no gloves)
SInv    .            (no boots)
Will    .....        (no amulet)
Stlth   +            f - +4 ring of protection
HPRegen 0.26/turn    (no ring)
MPRegen 0.11/turn

%: no passive effects
@: no status effects
A: no striking features
a: no special abilities


You were on level 4 of the Dungeon.
You visited 2 branches of the dungeon, and saw 7 of its levels.

You collected 254 gold pieces.


   Skills:
 - Level 2.5 Fighting
 + Level 10.0 Ranged Weapons
 - Level 1.1 Armour
 - Level 3.6 Dodging
 - Level 1.2 Stealth


You had 6 spell levels left.
You didn't know any spells.
Your spell library was empty.

Inventory:

Hand Weapons
 Y - a +1 shortbow (weapon)
Armour
 e - a +2 ring mail of cold resistance (worn)
 g - a +0 helmet (worn)
Jewellery
 f - a +4 ring of protection (left hand)
Scrolls
 c - a scroll of identify
Potions
 a - a potion of lignification {unknown}
 b - a potion of enlightenment
 d - a potion of curing {unknown}
 h - a potion of cancellation {unknown}

Dungeon Overview and Level Annotations

Branches:
Dungeon (6/15)             Temple (1/1) D:4

Altars:
Ashenzari
Dithmenos
Gozag
Hepliaklqana
Makhleb
Ru
Trog
Uskayaw
Wu Jian
The Shining One


Message History

The arrow hits the gnoll.
The gnoll is heavily wounded.
The gnoll bouda closely misses you. The gnoll completely misses you.
You shoot an arrow. The arrow hits the gnoll bouda.
The gnoll bouda is severely wounded.
The gnoll bouda barely misses you. The gnoll barely misses you.
You shoot an arrow.
The arrow hits the gnoll bouda but does no damage.
The gnoll bouda is severely wounded.
The gnoll bouda gazes fiercely through you!
You feel as though you will be weak longer.
The gnoll bouda hits you but does no damage.
The gnoll barely misses you.
You shoot an arrow. The arrow hits the gnoll bouda!
You kill the gnoll bouda!
The gnoll hits you from afar with a +0 halberd!
Your Armour skill increases to level 1!
You shoot an arrow. The arrow hits the gnoll.
The gnoll is heavily wounded.
The gnoll hits you from afar with a +0 halberd!
You shoot an arrow. The arrow closely misses the gnoll.
The arrow hits the gnoll!
You kill the gnoll!
The gnoll barely misses you.
You shoot an arrow. The arrow hits the gnoll.
The gnoll is almost dead.
The gnoll hits you from afar with a +0 halberd!
You shoot an arrow.
The arrow hits the gnoll but does no damage.
The gnoll is almost dead.
The gnoll hits you but does no damage.
You shoot an arrow. The arrow closely misses the gnoll.
The arrow hits the gnoll.
The gnoll is moderately wounded.
Your attacks no longer feel as feeble.
The gnoll misses you.
You shoot an arrow. The arrow hits the gnoll.
You kill the gnoll!
The gnoll hits you from afar with a +0 spear.
You die...

#######. ###.....#. ........
....# #.#.....#. [########.# ...#
#......... ..........# ...#
#.###'##.% .####.....# ..# ####.#
#.###. .# #.....# .). ..##.# #.#
#. .# #.....# #g# #.##.# #.# #.
.####.....# #)# #.##.# #.####
..........# #@# #.##.# #.....
..........#### #.####..#.########
.............# #.##..............
.........###.###.##.##.#.########
.........#..........##.#.# ....
...........#.###.#####.#.# ####
......#....#.###%#####.#..
......##.#.#.#.........###
......##.#.#>#.#.#######


You could see a gnoll (swift).

Vanquished Creatures
  2 phantoms
  A howler monkey (D:6)
  An orc priest (D:4)
  A hound (D:6)
  A gnoll bouda (D:4)
  A sleepcap (D:3)
  An iguana (D:6)
  4 orc wizards
  3 gnolls (D:4)
  4 adders
  3 worms (D:4)
  11 orcs
  4 bats
  5 endoplasms
  2 giant cockroaches
  7 hobgoblins
  2 jackals (D:1)
  2 kobolds
  A quokka (D:1)
  6 ball pythons
  4 frilled lizards
  5 goblins
  8 rats
79 creatures vanquished.

Notes
Turn   | Place    | Note
-------+----------+-------------------------------------------
     0 | D:1      | qw the Deep Elf Hunter began the quest for the Orb.
     0 | D:1      | Reached XP level 1. HP: 12/12 MP: 3/3
     0 | D:1      | 0 ||| qw: Version: 0.3-a-22-g0ed2b0b
     0 | D:1      | 0 ||| qw: Game counter: 5498
     0 | D:1      | 0 ||| qw: Melee chars always use a shield: true
     0 | D:1      | 0 ||| qw: God list: Okawaru
     0 | D:1      | 0 ||| qw: Allow faded altars: false
     0 | D:1      | 0 ||| qw: Do Orc after clearing Dungeon:15 true
     0 | D:1      | 0 ||| qw: Do second Lair branch before Depths: true
     0 | D:1      | 0 ||| qw: Lair rune preference: random
     0 | D:1      | 0 ||| qw: Goals: Normal
     0 | D:1      | 0 ||| PLANNING D:1-11
   163 | D:1      | 163 ||| READING scroll labelled RYCWUC ESCHOKEP.
   248 | D:1      | Reached XP level 2. HP: 16/16 MP: 4/4
   265 | D:1      | Reached skill level 6 in Ranged Weapons
   661 | D:1      | 661 ||| UPGRADING to +0 scale mail.
   671 | D:1      | 671 ||| DROPPING +0 leather armour.
   672 | D:1      | 672 ||| UPGRADING to +0 ring mail.
   682 | D:1      | 682 ||| DROPPING +0 scale mail.
   683 | D:1      | 683 ||| DROPPING amulet of magic regeneration.
   684 | D:1      | 684 ||| READING scroll labelled XAUMI TOSES.
   689 | D:1      | 689 ||| DRINKING 4 sedimented white potions.
   690 | D:1      | 690 ||| DRINKING 3 purple potions.
   691 | D:1      | 691 ||| DROPPING scroll of butterflies.
   692 | D:1      | 692 ||| DROPPING 3 potions of attraction.
  1048 | D:2      | Reached XP level 3. HP: 20/20 MP: 5/5
  1351 | D:2      | 1351 ||| UPGRADING to +4 ring of protection.
  1352 | D:2      | 1352 ||| READING scroll labelled LEER QAMAR.
  1353 | D:2      | 1353 ||| READING 2 scrolls labelled UFAUF MOSMU.
  1354 | D:2      | 1354 ||| READING scroll labelled PYTE BAUTUH.
  1355 | D:2      | 1355 ||| READING scroll labelled CYOLY WEFODUSM.
  1356 | D:2      | 1356 ||| READING scroll labelled QUQIRPH MEHAS.
  1358 | D:2      | 1358 ||| Stepping ~*~*~tactically~*~*~ (cloud).
  1365 | D:2      | HP: 5/20 [poisoned by you (poison gas)]
  1464 | D:3      | Reached skill level 7 in Ranged Weapons
  1474 | D:3      | Reached XP level 4. HP: 12/25 MP: 6/6
  1480 | D:3      | 1480 ||| FLEEEEING.
  1481 | D:3      | 1481 ||| FLEEEEING.
  1488 | D:3      | 1488 ||| STAIRDANCE
  1526 | D:2      | 1526 ||| READING scroll labelled WUPPUR BOFY.
  1546 | D:3      | Found a shadowy altar of Dithmenos.
  1551 | D:3      | You fall into a shaft and drop 3 floors!
  1563 | D:6      | Reached skill level 8 in Ranged Weapons
  1583 | D:6      | Reached XP level 5. HP: 20/29 MP: 7/7
  1670 | D:6      | Reached skill level 9 in Ranged Weapons
  1691 | D:5      | Entered Level 5 of the Dungeon
  1693 | D:5      | Noticed a phantom
  1707 | D:5      | Killed a phantom
  1708 | D:5      | Reached XP level 6. HP: 33/36 MP: 8/8
  1837 | D:4      | 1837 ||| Stepping ~*~*~tactically~*~*~ (outnumbered).
  1842 | D:4      | 1842 ||| Stepping ~*~*~tactically~*~*~ (outnumbered).
  1846 | D:4      | 1846 ||| Stepping ~*~*~tactically~*~*~ (outnumbered).
  1884 | D:4      | HP: 8/36 [something (3)]
  1888 | D:4      | HP: 3/36 [something/puff of flame (3)]
  1891 | D:4      | 1891 ||| DRINKING 2 potions of heal wounds.
  1915 | D:4      | HP: 6/36 [orc wizard/magic dart (9)]
  1916 | D:4      | 1916 ||| READING 3 scrolls of teleportation.
  1917 | D:4      | 1917 ||| DRINKING potion of heal wounds.
  1937 | D:4      | HP: 7/36 [orc/+0 club (4)]
  1938 | D:4      | 1938 ||| READING 2 scrolls of teleportation.
  1939 | D:4      | HP: 2/36 [orc/+0 mace (6)]
  2088 | D:4      | HP: 9/36 [orc/+0 mace (4)]
  2089 | D:4      | 2089 ||| READING scroll of teleportation.
  2294 | D:4      | Found a staircase to the Ecumenical Temple.
  2295 | D:4      | 2295 ||| PLANNING TEMPLE
  2295 | D:4      | 2295 ||| UPGRADING to +2 ring mail of cold resistance.
  2305 | D:4      | 2305 ||| DROPPING +0 ring mail.
  2306 | D:4      | 2306 ||| READING scroll labelled MOITZI ONIOD.
  2307 | D:4      | 2307 ||| DRINKING 2 fizzy brown potions.
  2318 | Temple   | Entered the Ecumenical Temple
  2410 | Temple   | 2410 ||| PLANNING D:1-11
  2912 | D:3      | Found a hazy altar of Hepliaklqana.
  2922 | D:3      | Found a hide-covered altar of Uskayaw.
  2927 | D:3      | Reached skill level 10 in Ranged Weapons
  2928 | D:3      | Found a broken altar of Ashenzari.
  3043 | D:3      | 3043 ||| UPGRADING to +0 helmet.
  3143 | D:4      | Reached skill level 3 in Dodging
  3221 | D:4      | Reached XP level 7. HP: 40/40 MP: 9/9
  3359 | D:4      | Reached skill level 1 in Armour
  3361 | D:4      | HP: 2/40 [gnoll/+0 halberd[a gnoll bouda] (9)]
  3364 | D:4      | Slain by a gnoll

Levels and vault maps discovered:
D:1:      minmay_arrival_loop, layout_loops_ring, minmay_pentomino_w4
D:2:      layout_loops_ring, minmay_tiny_reverse_x
D:3:      layout_rooms, mainiacjoe_overflow_surrounded_room,
          nicolae_dithmenos_shadow_blocks, grunt_temple_overflow_open
D:4:      layout_basic, minmay_temple_entry_sparse_star
D:5:      lemuel_castle_with_subvaults [lemuel_castle_interior_original],
          layout_cave_pools, lemuel_coloured_pillars_altar
D:6:      layout_rooms, nicolae_overflow_hidden_temple
Temple:   hellmonk_temple_beads

Skill      XL: |  1  2  3  4  5  6  7 |
---------------+----------------------+-----
Ranged Weapons | 6 7 8 9 10 | 10.0
Fighting       | 2 |  2.5
Dodging        | 3 |  3.6
Armour         | 1 |  1.1
Stealth        | |  1.2

Action                     |  1- 3 |  4- 6 |  7- 9 || total
---------------------------+-------+-------+-------++-------
   Fire: Shortbow          |    93 |   219 |    25 ||   337
    Use: Scroll            |     7 |     5 |       ||    12
         Potion            |     2 |     3 |       ||     5
 Armour: Leather armour    |     4 |       |       ||     4
         Ring mail         |    12 |   112 |     3 ||   127
  Dodge: Dodged            |    18 |    73 |    11 ||   102

Table legend:
 A = Non-vault XP
 B = Vault XP
 C = Vault XP percentage of total XP
 D = Non-vault monster count
 E = Vault monster count
 F = Vault count percentage of total count
                 A         B        C        D         E       F
            +---------+---------+-------+---------+---------+-------
      Total |     814 |       7 |   0.9 |      73 |       6 |   7.6
            +---------+---------+-------+---------+---------+-------
        D:1 |      24 |       4 |  14.3 |      16 |       4 |  20.0
        D:2 |      15 |       3 |  16.7 |      10 |       2 |  16.7
        D:3 |     134 |       0 |   0.0 |      15 |       0 |   0.0
        D:4 |     378 |       0 |   0.0 |      25 |       0 |   0.0
        D:5 |     105 |       0 |   0.0 |       1 |       0 |   0.0
        D:6 |     158 |       0 |   0.0 |       6 |       0 |   0.0
            +---------+---------+-------+---------+---------+-------
